 Dungeon Crawl Stone Soup version 0.29-a0-72-g1732ff48e7 (webtiles) character file.

Game seed: 11094068990804094790

2572 willcat the Covered (level 9, -4/63 HPs)
             Began as a Human Fighter on Feb 4, 2022.
             Was an Initiate of Gozag.
             Slain by a hobgoblin (5 damage)
             ... in a bailey.
             The game lasted 00:08:28 (10368 turns).

willcat the Covered (Human Fighter)                Turns: 10368, Time: 00:08:28

Health: -4/63      AC: 14    Str: 21    XL:     9   Next: 87%
Magic:  9/9        EV:  8    Int:  9    God:    Gozag
Gold:   849        SH:  0    Dex: 12    Spells: 8/8 levels left

rFire   . . .      SeeInvis .   s - +0 halberd
rCold   . . .      Faith    .   (shield currently unavailable)
rNeg    . . .      Spirit   .   d - +0 plate armour
rPois   +          Reflect  .   (no helmet)
rElec   .          Harm     .   (no cloak)
rCorr   .          Rampage  .   w - +0 pair of gloves
Will    .....                   (no boots)
Stlth   ..........              o - amulet of the acrobat
HPRegen 0.20/turn               g - ring of poison resistance
MPRegen 0.11/turn               (no ring)

@: gold aura
A: no striking features
a: Renounce Religion, Potion Petition, Call Merchant, Bribe Branch


You were in a bailey.
You worshipped Gozag.
Gozag was pleased with you.
You visited 2 branches of the dungeon, and saw 9 of its levels.
You also visited: Bailey.

You collected 883 gold pieces.
You paid 34 gold pieces to Gozag.

Inventory:

Hand Weapons
 s - a +0 halberd (weapon)
Missiles
 z - 4 curare-tipped darts (quivered)
Armour
 b - a +0 scale mail
 d - a +0 plate armour (worn)
 w - a +0 pair of gloves (worn)
Jewellery
 g - a ring of poison resistance (left hand)
 o - an amulet of the acrobat (around neck)
Wands
 q - a wand of acid (2)
Scrolls
 f - 3 scrolls of teleportation
 h - 2 scrolls of vulnerability
 i - a scroll of enchant armour {unknown}
 j - 2 scrolls of summoning
 n - 3 scrolls of enchant weapon
 v - 3 scrolls of amnesia
 x - a scroll of brand weapon {unknown}
 y - a scroll of immolation {unknown}
Potions
 a - a potion of degeneration {unknown}
 c - 2 potions of flight {unknown}
 k - a potion of cancellation {unknown}
 l - 4 potions of heal wounds
 m - a potion of berserk rage {unknown}
 p - 4 potions of curing {unknown}
 r - a potion of might
 t - a potion of attraction {unknown}
 u - 2 potions of ambrosia {unknown}


   Skills:
 - Level 3.0 Fighting
 + Level 7.6 Polearms
 + Level 7.9 Armour
 - Level 4.6 Dodging
 - Level 3.0 Shields
 + Level 5.3 Evocations


You had 8 spell levels left.
You didn't know any spells.
Your spell library contained the following spells:

 Spells                   Type           Power      Damage    Failure   Level
 Slow                     Hex            0%         N/A       100%        1
 Summon Small Mammal      Summ           0%         N/A       100%        1
 Call Canine Familiar     Summ           0%         N/A       100%        3
 Confusing Touch          Hex            0%         N/A       100%        3
 Gell's Gravitas          Tloc           0%         N/A       100%        3
 Lesser Beckoning         Tloc           0%         N/A       100%        3
 Summon Guardian Golem    Hex/Summ       0%         N/A       100%        3
 Teleport Other           Tloc           0%         N/A       100%        3
 Vampiric Draining        Necr           0%         2d6       100%        3


Dungeon Overview and Level Annotations

Branches:
Dungeon (8/15)             Temple (1/1) D:4          Bailey (1/1)
   Lair: D:8-11

Altars:
Ashenzari
Cheibriados
Dithmenos
Fedhas
Gozag
Kikubaaqudgha
Makhleb
Nemelex Xobeh
Okawaru
Qazlal
Sif Muna
Uskayaw
Wu Jian
Xom
Yredelemnul
The Shining One
Beogh
Lugonu


Message History

The orc warrior hits you with a +0 hand axe.
The hobgoblin barely misses you.
You barely miss the orc warrior.
The orc warrior hits you but does no damage.
The gnoll hits you but does no damage. The hobgoblin completely misses you.
You puncture the orc warrior!
The orc warrior is heavily wounded.
The orc warrior hits you with a +0 hand axe.
The gnoll hits you but does no damage. The hobgoblin barely misses you.
You hit the hobgoblin but do no damage. The orc warrior completely misses you.
The gnoll hits you but does no damage.
The hobgoblin hits you with a +0 hand axe.
You slash the gnoll!
You kill the gnoll!
The orc warrior hits you but does no damage.
The hobgoblin barely misses you.
You closely miss the hobgoblin.
The orc warrior hits you with a +0 hand axe!
The hobgoblin hits you but does no damage.
The orc warrior hits you with a +0 hand axe!
You barely miss the hobgoblin.
The hobgoblin hits you with a +0 hand axe.
The orc warrior hits you but does no damage.
The hobgoblin hits you but does no damage.
Unknown command.
You closely miss the hobgoblin.
The orc warrior hits you but does no damage.
The hobgoblin hits you with a +0 hand axe!
* * * LOW HITPOINT WARNING * * *
Unknown command.
Aiming: Corrosive Bolt
Press: ? - help, Shift-Dir - straight line, f - orc warrior
Aim: an orc warrior, wielding a +0 hand axe and wearing a +0 ring mail (heavily wounded, 67% to hit)
The bolt of acid hits the orc warrior!
The acid corrodes the orc warrior!
The orc warrior is almost dead.
The orc warrior hits you with a +0 hand axe!
* * * LOW HITPOINT WARNING * * *
The hobgoblin hits you with a +0 hand axe.
You die...
Your body crumbles into a pile of gold.

♣♣♣♣♣ ## ♣♣♣$♣.♣♣
##.#+#
♣@o....♣♣###.....#
♣♣g.....##........
♣♣.......#...o.....
♣........'.........
♣...∩.∩..'.....⌠...
♣........'.........
♣........#.........
♣♣♣......##........
♣....♣.♣###.....#


You could see an orc warrior (corroded) and a hobgoblin.

Vanquished Creatures
  A wyvern (D:8)
  3 water moccasins
  A hornet zombie (D:6)
  2 orc warriors (D:6)
  2 sky beasts (D:7)
  2 black bears (D:7)
  3 ogres
  2 centaurs
  2 bullfrogs
  A scorpion (D:6)
  A water moccasin skeleton (D:5)
  2 howler monkeys
  3 jellies
  A centaur zombie (D:6)
  An orc priest (D:6)
  A gnoll shaman (D:7)
  A bullfrog skeleton (D:6)
  Jessica (D:3)
  3 iguanas
  3 orc wizards (D:6)
  Terence (D:3)
  3 killer bee zombies
  A hound skeleton (D:4)
  7 gnolls
  7 adders
  A shadow imp (D:7)
  A white imp (D:8)
  2 worms (D:2)
  3 dart slugs
  25 orcs
  6 ball pythons
  3 bats
  2 giant cockroaches (D:3)
  5 goblins
  5 hobgoblins
  A quokka (D:4)
  3 frilled lizards
  6 kobolds
  4 rats
122 creatures vanquished.

Notes
Turn   | Place    | Note
-------+----------+-------------------------------------------
     0 | D:1      | willcat the Human Fighter began the quest for the Orb.
     0 | D:1      | Reached XP level 1. HP: 18/18 MP: 1/1
   107 | D:1      | Reached XP level 2. HP: 24/24 MP: 2/2
   357 | D:1      | Reached skill level 1 in Dodging
   870 | D:2      | Found a faded altar of an unknown god.
   952 | D:2      | Reached XP level 3. HP: 29/29 MP: 3/3
  1893 | D:3      | Reached XP level 4. HP: 20/35 MP: 4/4
  2473 | D:3      | Found a blossoming altar of Fedhas.
  2551 | D:3      | Found a burning altar of Makhleb.
  2551 | D:3      | Noticed Terence
  2556 | D:3      | Killed Terence
  2557 | D:3      | Reached XP level 5. HP: 33/41 MP: 5/5
  2778 | D:3      | Noticed a water moccasin
  2797 | D:3      | Killed a water moccasin
  2798 | D:3      | Reached XP level 6. HP: 9/47 MP: 6/6
  3199 | D:3      | Noticed Jessica
  3204 | D:3      | Killed Jessica
  3831 | D:4      | Found a staircase to the Ecumenical Temple.
  3873 | D:4      | Found an opulent altar of Gozag.
  3903 | Temple   | Entered the Ecumenical Temple
  3960 | D:4      | Became a worshipper of Gozag Ym Sagoz the Greedy
  3976 | D:4      | Found a broken altar of Ashenzari.
  4289 | D:4      | Reached XP level 7. HP: 47/52 MP: 7/7
  4477 | D:4      | Found an ornate altar of the Wu Jian Council.
  4692 | D:5      | Entered Level 5 of the Dungeon
  4704 | D:5      | Reached skill level 5 in Armour
  5433 | D:5      | Noticed a water moccasin
  5438 | D:5      | Killed a water moccasin
  6323 | D:5      | Reached skill level 5 in Polearms
  6323 | D:5      | Reached XP level 8. HP: 50/58 MP: 8/8
  6596 | D:6      | Found a shimmering blue altar of Sif Muna.
  6610 | D:6      | Reached skill level 1 in Evocations
  6768 | D:6      | Found a runed translucent door.
  7361 | D:6      | Found a stormy altar of Qazlal.
  7373 | D:6      | Found a shadowy altar of Dithmenos.
  7799 | D:6      | Reached XP level 9. HP: 36/63 MP: 9/9
  9810 | D:8      | Reached skill level 5 in Evocations
  9987 | D:8      | Found a hide-covered altar of Uskayaw.
 10141 | D:8      | Found a flagged portal.
 10239 | Bailey   | Entered a bailey
 10368 | Bailey   | HP: 1/63 [orc warrior (12)]
 10368 | Bailey   | Slain by a hobgoblin

Illustrated notes

Levels and vault maps discovered:
D:1:      saegor_arrival_simple_b, layout_basic, chequers_serial_rivers_micro_b,
          serial_park_tiny_1, chequers_avenue
D:2:      layout_basic, basic_ecumenical_altar
D:3:      layout_loops_ring, fedhas_altar_fruit_tree,
          mainiacjoe_overflow_tiny_flanked, uniq_jessica, uniq_terence
D:4:      layout_loops_corners, lemuel_crystal_altar,
          nicolae_wu_jian_immortal_techniques, kennysheep_little_box,
          minmay_temple_entry_statues_pillars, serial_bayou_pond_a
D:5:      layout_loops_corners, supply_closet_lemuel
D:6:      layout_basic, mainiacjoe_overflow_six_doors_small,
          grunt_temple_overflow_open, lightli_church_of_beogh
D:7:      layout_rooms
D:8:      layout_rooms, mainiacjoe_overflow_24_doors,
          nicolae_uskayaw_murder_on_the_dancefloor, enter_bailey_2
Temple:   corrupted_temple
Bailey:   bailey_axe_minmay_hex_keep, bailey

Skill      XL: |  1  2  3  4  5  6  7  8  9 |
---------------+----------------------------+-----
Dodging        | 1 2 3 4 |  4.6
Polearms       | 3 4 5 6 7 |  7.6
Armour         | 4 5 6 7 |  7.9
Evocations     | 3 5 |  5.3
Fighting       | |  3.0
Shields        | |  3.0

Action                   |  1- 3 |  4- 6 |  7- 9 || total
-------------------------+-------+-------+-------++-------
Melee: Trident           |   100 |   103 |    29 ||   232
       Halberd           |       |       |   356 ||   356
Evoke: Wand              |       |       |     3 ||     3
  Use: Potion            |       |     1 |     1 ||     2
       Scroll            |       |       |     5 ||     5
 Stab: Distracted        |       |       |     2 ||     2
Armor: Scale mail        |    32 |    30 |       ||    62
       Plate armour      |       |     3 |   208 ||   211
Dodge: Dodged            |    28 |    34 |   158 ||   220
Block: Buckler           |    12 |    10 |     6 ||    28

Table legend: (Time is in decaauts)
 A = Elapsed time spent in this place.
 B = Non-inter-level travel time spent in this place.
 C = Inter-level travel time spent in this place.
 D = Time resting spent in this place.
 E = Time spent auto-exploring this place.
 F = Levels seen in this place.
 G = Mean time per level.
                   A        B        C        D        E       F      G
               +--------+--------+--------+--------+--------+-----+--------+
         Total |  10482 |  10201 |    281 |   2371 |   6089 |  10 | 1048.2 |
       Dungeon |  10305 |  10036 |    269 |   2293 |   6064 |   8 | 1288.1 |
        Temple |     47 |     35 |     12 |      0 |     25 |   1 |   47.0 |
        Bailey |    129 |    129 |      0 |     78 |      0 |   1 |  129.0 |
               +--------+--------+--------+--------+--------+-----+--------+

Top non-repeatable levels by time:
     D:6: 2326 daAuts
     D:4: 1821 daAuts
     D:5: 1668 daAuts
     D:3: 1384 daAuts
     D:2: 1086 daAuts
     D:1: 784 daAuts
     D:7: 773 daAuts
     D:8: 458 daAuts
  Bailey: 129 daAuts
  Temple: 47 daAuts
